 Dungeon Crawl Stone Soup version 0.27-a0-1036-g8e1b44f6bd (webtiles) character file.

Game seed: 9693196242432105351

1 tsouns the Sneak (level 1, -1/18 HPs)
             Began as a Demonspawn Delver on Apr 19, 2021.
             Slain by a hound skeleton (2 damage)
             ... on level 4 of the Dungeon.
             The game lasted 00:00:32 (94 turns).

tsouns the Sneak (Demonspawn Delver)                  Turns: 94, Time: 00:00:33

Health: -1/18      AC:  3    Str: 12    XL:     1   Next: 16%
Magic:  1/1        EV: 11    Int: 11    God:
Gold:   27         SH:  0    Dex: 14    Spells: 0/0 levels left

rFire    . . .     SeeInvis .   a - +0 falchion
rCold    . . .     Faith    .   (no shield)
rNeg     . . .     Spirit   .   b - +0 leather armour
rPois    .         Reflect  .   (no helmet)
rElec    .         Harm     .   (no cloak)
rCorr    .         Rampage  .   (no gloves)
Will     .....                  (no boots)
Stlth    ++........             (no amulet)
HPRegen  0.06/turn              (no ring)
MPRegen  0.07/turn              (no ring)

@: hasted, very quick
A: no striking features
a: no special abilities


You were on level 4 of the Dungeon.
You visited 1 branch of the dungeon, and saw 2 of its levels.

You collected 27 gold pieces.

Inventory:

Hand Weapons
 a - a +0 falchion (weapon)
Armour
 b - a +0 leather armour (worn)
Wands
 g - a wand of digging (3)
Scrolls
 c - a scroll of fog
 d - a scroll of magic mapping
 e - a scroll of fear
Potions
 h - a potion of flight {unknown}


   Skills:
 + Level 3.0 Fighting
 + Level 1.8 Long Blades
 - Level 1.7 Dodging
 - Level 4.5 Stealth


You couldn't memorise any spells.
You didn't know any spells.
Your spell library was empty.

Dungeon Overview and Level Annotations

Branches:
Dungeon (5/15)
 Temple: D:4-7

Altars:
Dithmenos
Hepliaklqana
Okawaru
Vehumet
The Shining One


Message History

You hit the hobgoblin.
You kill the hobgoblin!
You now have 12 gold pieces.
Found a hazy altar of Hepliaklqana.
You now have 27 gold pieces (gained 15).
Found a scroll labelled KUDID FIDEY.
Found a radiant altar of Vehumet.
Found a plate armour.
Found an iron altar of Okawaru.
Found a pair of gloves.
Found two altars.
A hound skeleton comes into view.
Found 7 gold pieces.
You barely miss the hound skeleton. The hound skeleton bites you.
You completely miss the hound skeleton. The hound skeleton bites you.
An endoplasm comes into view.
The hound skeleton bites you but does no damage.
You completely miss the hound skeleton.
The hound skeleton bites you but does no damage. x2
You barely miss the hound skeleton.
The hound skeleton bites you but does no damage.
The hound skeleton bites you but does no damage.
You hit the hound skeleton but do no damage.
The hound skeleton bites you but does no damage.
You barely miss the hound skeleton. The hound skeleton bites you. x2
You barely miss the hound skeleton. The hound skeleton misses you.
You barely miss the hound skeleton. The hound skeleton bites you. x2
You hit the hound skeleton.
The hound skeleton is lightly damaged.
The hound skeleton closely misses you.
You feel yourself speed up. The hound skeleton misses you.
The hound skeleton bites you but does no damage.
You hit the hound skeleton.
The hound skeleton is heavily damaged.
The hound skeleton bites you.
* * * LOW HITPOINT WARNING * * *
The hound skeleton bites you.
* * * LOW HITPOINT WARNING * * *
You hit the hound skeleton.
The hound skeleton is heavily damaged.
The hound skeleton bites you.
You die...

#..............
#.......♣.._..#
#.........?....
...._........
#.[._......# #
#...#....# .#.
##.###....# #..
#Z.# #...#...
####@## #...#.###
#.....# #.......
#.....####....#####
#..........>.......
#.............#####
#..........####
###........#
#........#
#........#


You could see a hound skeleton.

Vanquished Creatures
  A hobgoblin (D:4)
1 creature vanquished.

Notes
Turn   | Place    | Note
-------+----------+-------------------------------------------
     0 | D:5      | tsouns the Demonspawn Delver began the quest for the Orb.
     0 | D:5      | Reached XP level 1. HP: 18/18 MP: 1/1
    68 | D:4      | Found a hazy altar of Hepliaklqana.
    73 | D:4      | Found a radiant altar of Vehumet.
    74 | D:4      | Found an iron altar of Okawaru.
    75 | D:4      | Found a shadowy altar of Dithmenos.
    94 | D:4      | Slain by a hound skeleton

Illustrated notes

Levels and vault maps discovered:
D:4:      layout_basic, nicolae_sif_muna_condensation,
          grunt_temple_overflow_open
D:5:      layout_cave_pools, serial_shops, shop, minmay_large_rounded_square,
          hellmonk_bongcloud_opening, kennysheep_nondescript

Action                   || total
-------------------------++-------
Melee: Falchion          ||    14
  Use: Potion            ||     1
Armor: Leather armour    ||     8
Dodge: Dodged            ||     4
       Rpst.: Falchion   ||     1

Table legend: (Time is in decaauts)
 A = Elapsed time spent in this place.
 B = Non-inter-level travel time spent in this place.
 C = Inter-level travel time spent in this place.
 D = Time resting spent in this place.
 E = Time spent auto-exploring this place.
 F = Levels seen in this place.
 G = Mean time per level.
                   A        B        C        D        E       F      G
               +--------+--------+--------+--------+--------+-----+--------+
         Total |     95 |     87 |      8 |      0 |     26 |   2 |   47.5 |
       Dungeon |     95 |     87 |      8 |      0 |     26 |   2 |   47.5 |
               +--------+--------+--------+--------+--------+-----+--------+

Top non-repeatable levels by time:
     D:5: 49 daAuts
     D:4: 46 daAuts
